Match 46242237
Unlisted

Match 46242237
End
Kradschützen Motorcycle Team
Panzergrenadier Squad
Selects Italian Infantry
250 Light Carrier
Construct Light Support Kompanie
MG34 Team
Combat Half-tracks
Fire Support Elements
Selects Defensive Operations
Flakvierling Half-track
Pak 38 Mechanized Group
Selects Defensive Operations
2.5-tonne Medical Truck
Construct Panzerarmee Kommand
Selects Prepared Positions
Flak 36 Anti-tank Gun Team
Flakvierling Half-track
Armored Reserves
Flak 36 Anti-tank Gun Team
Selects Guastatori Squad
Selects Registered Artillery
Selects Towed Cannone da 105/28 Field Howitzer
Walking Stuka Rocket Launcher
Walking Stuka Rocket Launcher
Flak 36 Anti-tank Gun Team
Registered Artillery
Selects Obice 305mm Barrage
Flak 36 Anti-tank Gun Team
CUI
mi prima de Cifuentes
jodone
asfgdfgs
Captain Slackbladder
Hentai Santa
wula
Patton
0
0

Comments sign in to comment!

No comments posted yet!